 Dungeon Crawl Stone Soup version 0.20.1-1-g8b1a95d (webtiles) character file.

771 KoningWillie the Spear-Bearer (level 7, -4/60 HPs)
             Began as a Minotaur Gladiator on Oct 10, 2017.
             Slain by an orc warrior
             ... wielding a +0 flail
              (13 damage)
             ... on level 6 of the Dungeon.
             The game lasted 00:07:13 (3898 turns).

KoningWillie the Spear-Bearer (Minotaur Gladiator)  Turns: 3898, Time: 00:07:13

Health: -4/60      AC:  4    Str: 21    XL:     7   Next: 53%
Magic:  6/6        EV: 13    Int:  5    God:
Gold:   135        SH:  0    Dex: 11    Spells: 6/6 levels left

rFire    . . .     SeeInvis .   a - +1 trident
rCold    . . .     Gourm    .   (no shield)
rNeg     . . .     Faith    .   b - +0 leather armour
rPois    .         Spirit   .   c - +1 hat
rElec    .         Reflect  .   (no cloak)
rCorr    .         Harm     .   (no gloves)
MR       .....                  (no boots)
Stlth    +.........             (no amulet)
Regen    0.2/turn               (no ring)
MPRegen  0.1/turn               (no ring)

@: hasted, very quick
A: retaliatory headbutt, horns 2
a: no special abilities


You were on level 6 of the Dungeon.
You were not hungry.

You visited 1 branch of the dungeon, and saw 6 of its levels.

You collected 135 gold pieces.

Inventory:

Hand Weapons
 a - a +1 trident (weapon)
Missiles
 d - 3 throwing nets (quivered)
Armour
 b - a +0 leather armour (worn)
 c - a +1 hat (worn)
Magical Staves
 e - an uncursed staff of earth
Jewellery
 w - a cursed ring of loudness {unknown}
Scrolls
 g - a scroll of blinking
 h - 4 scrolls of identify
 n - a scroll of fog
 r - a scroll of remove curse
 u - a scroll of teleportation
 v - a scroll of noise
Potions
 f - 2 potions of curing {unknown}
 i - a potion of cancellation
 j - 2 potions of agility
 k - a potion of lignification {unknown}
 m - 3 potions of haste
 o - a potion of flight {unknown}
 p - a potion of degeneration {unknown}
 s - a potion of brilliance {unknown}
 x - 2 potions of magic {unknown}
 A - a potion of heal wounds {unknown}
Books
 y - a book of Minor Magic

   Spells                             Type                      Level
   a - Magic Dart                     Conjuration                  1
   b - Blink                          Translocation                2
   c - Call Imp                       Summoning                    2
   d - Slow                           Hexes                        2
   e - Conjure Flame                  Conjuration/Fire             3
   f - Mephitic Cloud                 Conjuration/Poison/Air       3
Comestibles
 l - a royal jelly
 t - 7 fruits


   Skills:
 + Level 4.3 Fighting
 + Level 8.0 Polearms
 - Level 2.1 Throwing
 + Level 4.2 Armour
 + Level 4.9 Dodging


You had 6 spell levels left.
You didn't know any spells.

Dungeon Overview and Level Annotations

Branches:
Dungeon (6/15)
 Temple: D:4-7

Altars:

Annotations:
D:2 Sigmund
D:5 Pikel


Innate Abilities, Weirdness & Mutations

You reflexively headbutt those who attack you in melee.
You have a pair of horns on your head.


Message History

You closely miss the orc warrior.
The orc warrior is heavily wounded.
The orc warrior hits you with a flail!
* * * LOW HITPOINT WARNING * * *
You hit the orc warrior but do no damage.
The orc warrior is heavily wounded.
The orc warrior barely misses you.
You feel yourself speed up. The orc warrior hits you with a flail.
* * * LOW HITPOINT WARNING * * *
You hit the orc warrior.
The orc warrior is severely wounded.
You closely miss the orc warrior. Your headbutt misses the orc warrior.
The orc warrior is severely wounded.
The orc warrior closely misses you.
You hit the orc warrior.
The orc warrior is severely wounded.
You completely miss the orc warrior.
The orc warrior is severely wounded.
The orc warrior hits you with a flail!
You die...

##############
###.......<.....
###.......#######.
#.....###.#
#.#.###
#.#######.####
#.#.##
#.....@ooo....
#....##
####.####o....
#.###.######.# ##.
##. #........#
#..###.#.##...#
#.....##.##....
#..#.###.###..#
#..#.###.# #..#
#........###..##


You could see an orc warrior and 3 orcs.

Vanquished Creatures
  A phantom (D:5)
  An ogre (D:4)
  A water moccasin skeleton (D:4)
  A howler monkey (D:4)
  2 hounds (D:4)
  2 centaur skeletons
  3 orc priests
  A bullfrog skeleton (D:5)
  An iguana (D:4)
  An orc wizard (D:6)
  3 worker ants
  3 gnolls (D:2)
  5 adders
  2 oozes
  2 adder zombies (D:5)
  3 adder skeletons
  A worm (D:4)
  A dart slug (D:2)
  4 leopard geckos
  5 orcs
  8 bats
  3 giant cockroaches
  2 goblins
  7 hobgoblins
  2 jackals (D:3)
  A ball python (D:4)
  2 frilled lizards
  A jackal skeleton (D:4)
  A kobold (D:1)
  4 rats
74 creatures vanquished.

Notes
Turn   | Place    | Note
-------+----------+-------------------------------------------
     0 | D:1      | KoningWillie the Minotaur Gladiator began the quest for the Orb.
     0 | D:1      | Reached XP level 1. HP: 18/18 MP: 0/0
   215 | D:1      | Reached XP level 2. HP: 16/25 MP: 1/1
   273 | D:1      | Reached skill level 4 in Polearms
   944 | D:2      | Reached XP level 3. HP: 30/30 MP: 2/2
  1087 | D:2      | Noticed Sigmund
  1293 | D:3      | Reached skill level 1 in Armour
  1293 | D:3      | Reached XP level 4. HP: 37/38 MP: 3/3
  1495 | D:3      | Reached skill level 5 in Polearms
  1867 | D:4      | Reached XP level 5. HP: 34/45 MP: 4/4
  2360 | D:4      | Reached skill level 6 in Polearms
  2514 | D:4      | Reached XP level 6. HP: 21/52 MP: 5/5
  3120 | D:5      | Entered Level 5 of the Dungeon
  3182 | D:5      | Reached skill level 7 in Polearms
  3185 | D:5      | Reached XP level 7. HP: 46/59 MP: 6/6
  3268 | D:5      | Noticed Pikel
  3668 | D:6      | Reached skill level 8 in Polearms
  3898 | D:6      | Slain by an orc warrior

Skill      XL: |  1  2  3  4  5  6  7 |
---------------+----------------------+-----
Polearms       | 4 5 6 7 8 |  8.0
Fighting       | 3 4 |  4.3
Armour         | 1 2 3 4 |  4.2
Dodging        | 4 |  4.9
Throwing       | |  2.1

Action                   |  1- 3 |  4- 6 |  7- 9 || total
-------------------------+-------+-------+-------++-------
Melee: Trident           |    46 |    94 |    55 ||   195
       Headbutt          |     7 |    15 |    12 ||    34
  Use: Scroll            |     7 |     6 |       ||    13
       Potion            |       |       |     1 ||     1
  Eat: Bread ration      |     1 |     1 |     1 ||     3
Armor: Leather armour    |    10 |     9 |     7 ||    26
Dodge: Dodged            |    46 |    73 |    30 ||   149
